 Dungeon Sprint DCSS version 0.21.1-1-g345015f (webtiles) character file.

4400000 Fang the Sabretooth (level 18, -112/109 HPs)
             Began as a Felid Fighter on Apr 11, 2018.
             Was a High Priest of Makhleb.
             Annihilated by a sculptor of flesh
             ... wielding a +9 great sword
              (221 damage)
             ... in the Dungeon (Sprint VIII: "Arena of Blood") on Apr 12, 2018.
             The game lasted 00:01:48 (44 turns).

Fang the Sabretooth (Felid Fighter)                   Turns: 44, Time: 00:01:49

Health: -112/109   AC:  3    Str: 18    XL:     18   Next: 18%
Magic:  50/50      EV: 40    Int:  9    God:    Makhleb [*****.]
Gold:   0          SH:  0    Dex: 18    Spells: 71/71 levels left
                                        Lives:  0   Deaths: 2

rFire    . . .     SeeInvis +     - Unarmed
rCold    + . .     Gourm    .   (shield unavailable)
rNeg     . . .     Faith    .   (armour unavailable)
rPois    .         Spirit   .   (helmet unavailable)
rElec    .         Reflect  .   (cloak unavailable)
rCorr    .         Harm     .   (gloves unavailable)
MR       ++...     NoTele   +   (boots unavailable)
Stlth    +++++++++.             (no amulet)
HPRegen  0.28/turn              i - +27000 ring of slaying
MPRegen  0.32/turn              (no ring)

@: quick
A: very small, no armour, no weapons or thrown items, stealth, claws 1, fangs 3,
see invisible, carnivore, speed 1, shaggy fur 3, slow metabolism 1, sharp paws
a: Minor Destruction, Lesser Servant of Makhleb, Major Destruction, Greater
Servant of Makhleb, Renounce Religion


You were in the Dungeon.
You worshipped Makhleb.
Makhleb was extremely pleased with you.
You were not hungry.

You visited 1 branch

Inventory:

Jewellery
 i - a +27000 ring of slaying (left paw)
Scrolls
 h - a scroll of blinking
Potions
 a - a potion of might
 c - a potion of curing
 d - a potion of heal wounds
 e - a potion of haste
 f - 2 potions of magic
 g - a potion of berserk rage
Comestibles
 b - a ration


   Skills:
 O Level 27 Fighting
 O Level 27 Dodging
 O Level 27 Stealth
 O Level 27 Unarmed Combat
 O Level 27 Spellcasting
 O Level 27 Invocations


You had 71 spell levels left.
You didn't know any spells.

Dungeon Overview and Level Annotations

Branches:
Dungeon (1/1)

Altars:
Makhleb

Annotations:
D The Servant


Innate Abilities, Weirdness & Mutations

You cannot wear armour.
You are incapable of wielding weapons or throwing items.
Your paws allow you to move quietly. (Stealth)
You have sharp claws.
You have razor-sharp teeth.
You have supernaturally acute eyesight. (SInv)
You are carnivorous and can eat meat at any time.
You cover ground quickly.
Your thick and shaggy fur keeps you warm. (AC +3, rC+)
You have a slow metabolism.
Your sharp claws are effective at attacking unaware monsters.


Message History

Unknown command.
Unknown command.
A destroyer comes into view.
It is wielding a +9 great sword of slicing.
You hear a shout! x4
The destroyer shouts!
You eviscerate the destroyer!!!!!!!!!
You destroy the destroyer!
Makhleb accepts your kill.
Welcome back to level 18!
You hear a shout! x9
Unknown command.
You hear a shout!
The destroyer blinks!
You hear a shout! x4
Things that are here:
a +9 great sword of slicing; a +200 ring of slaying You hear a shout! x7
The sculptor of flesh hits you with a +9 great sword!!!!!
Ouch! That really hurt!
You die...

....z..oo§..†.V.#...#
.§........ooo..#....#
.........oOV.##.....#
...#.....z..#......#.
.....§......#@..###..
..##.#..........@ ..
..........o. . .
...#..z..#### ...
.......@V..#.....
................#
.....=.......####
##############


You could see The Servant, 2 destroyers, 2 sculptors of flesh, a meat berserker
(berserk) and 5 bags of meat.

Vanquished Creatures
  A vampire knight (D)
  4 ogres (D)
  A two-headed ogre (D)
  13 orcs (D)
19 creatures vanquished.

Vanquished Creatures (others)
  3 crawling corpses (D)
3 creatures vanquished.

Grand Total: 22 creatures vanquished

Notes
Turn   | Place    | Note
-------+----------+-------------------------------------------
     0 | D        | Fang the Felid Fighter began the quest for the Orb.
     0 | D        | Reached XP level 1. HP: 10/10 MP: 2/2
     3 | D        | Noticed a bag of meat
     4 | D        | Became a worshipper of Makhleb the Destroyer
     7 | D        | Noticed a bag of meat
     8 | D        | Noticed a bag of meat
     9 | D        | Noticed a bag of meat
     9 | D        | Noticed a meat berserker
    10 | D        | Noticed a bag of meat
    10 | D        | Killed a bag of meat
    10 | D        | Reached XP level 2. HP: 24/24 MP: 3/3
    10 | D        | Reached XP level 3. HP: 28/28 MP: 4/4
    10 | D        | Reached XP level 4. HP: 32/32 MP: 5/5
    10 | D        | Reached XP level 5. HP: 36/36 MP: 6/6
    10 | D        | Gained mutation: You are covered in thick fur. (AC +2) [Felid growth]
    10 | D        | Reached XP level 6. HP: 40/40 MP: 7/7
    10 | D        | Reached XP level 7. HP: 43/43 MP: 8/8
    10 | D        | Reached XP level 8. HP: 48/48 MP: 9/9
    10 | D        | Reached XP level 9. HP: 51/51 MP: 10/10
    10 | D        | Reached XP level 10. HP: 55/55 MP: 11/11
    10 | D        | Reached XP level 11. HP: 59/59 MP: 12/12
    12 | D        | Noticed a meat berserker
    12 | D        | Killed a bag of meat
    12 | D        | Reached * piety under Makhleb
    12 | D        | Reached skill level 15 in Fighting
    12 | D        | Gained mutation: Your thick and shaggy fur keeps you warm. (AC +3, rC+) [Felid growth]
    12 | D        | Reached XP level 12. HP: 66/66 MP: 13/13
    14 | D        | Killed a meat berserker
    14 | D        | Reached skill level 27 in Unarmed Combat
    14 | D        | Reached XP level 13. HP: 74/74 MP: 14/14
    14 | D        | Reached XP level 14. HP: 78/78 MP: 15/15
    16 | D        | Noticed a meat berserker
    16 | D        | Killed a bag of meat
    17 | D        | Killed a bag of meat
    17 | D        | Reached ** piety under Makhleb
    17 | D        | Reached XP level 15. HP: 77/87 MP: 16/16
    19 | D        | Killed a meat berserker
    19 | D        | Reached skill level 27 in Fighting
    19 | D        | Reached skill level 27 in Dodging
    20 | D        | Noticed a meat berserker
    21 | D        | Killed a meat berserker
    21 | D        | Reached XP level 16. HP: 100/100 MP: 16/32
    22 | D        | Noticed a large bag of meat
    24 | D        | Killed a meat berserker
    24 | D        | Reached *** piety under Makhleb
    24 | D        | Reached skill level 15 in Spellcasting
    24 | D        | Reached XP level 17. HP: 104/104 MP: 16/37
    27 | D        | Noticed a meat berserker
    28 | D        | Noticed a destroyer
    28 | D        | Noticed a destroyer
    28 | D        | Noticed a large bag of meat
    28 | D        | Reached **** piety under Makhleb
    28 | D        | Reached skill level 27 in Stealth
    29 | D        | Reached XP level 18. HP: 109/109 MP: 17/43
    30 | D        | Noticed a large bag of meat
    31 | D        | Noticed a large bag of meat
    31 | D        | Noticed a meat berserker
    31 | D        | Killed a large bag of meat
    32 | D        | Reached ***** piety under Makhleb
    32 | D        | Reached skill level 27 in Invocations
    33 | D        | Reached skill level 27 in Spellcasting
    33 | D        | Reached XP level 19. HP: 113/113 MP: 17/51
    35 | D        | Noticed a destroyer
    35 | D        | Noticed a large bag of meat
    35 | D        | Annihilated by a destroyer
    36 | D        | Reached XP level 18. HP: -103/109 MP: 18/50
    37 | D        | Noticed a meat berserker
    37 | D        | Noticed a large bag of meat
    38 | D        | Noticed The Servant
    39 | D        | Annihilated by a large bag of meat
    40 | D        | Reached XP level 17. HP: -52/104 MP: 49/49
    40 | D        | Noticed a sculptor of flesh
    41 | D        | Noticed a destroyer
    42 | D        | Killed a destroyer
    42 | D        | Reached XP level 18. HP: 109/109 MP: 50/50
    44 | D        | Annihilated by a sculptor of flesh

Skill      XL: |  1  2  3  4  5  6  7  8  9 10 11 12 13 14 15 16 17 18 |
---------------+-------------------------------------------------------+-----
Fighting       | 13 15 18 22 27 | 27.0
Dodging        | 16 19 22 26 27 | 27.0
Unarmed Combat | 21 23 27 | 27.0
Stealth        | 17 22 27 | 27.0
Spellcasting   | 11 15 20 27 | 27.0
Invocations    | 12 16 22 27 | 27.0

Action                   |  1- 3 |  4- 6 |  7- 9 | 10-12 | 13-15 | 16-18 | 19-21 || total
-------------------------+-------+-------+-------+-------+-------+-------+-------++-------
Melee: Unarmed           |     1 |       |       |     2 |     4 |    10 |     2 ||    19
Dodge: Dodged            |       |       |       |       |       |     3 |       ||     3
